 Dungeon Crawl Stone Soup version 0.30-a0-651-g0755cc6dcf (console) character file.

Game seed: 11787492022185421849

2 Ignak the Stinger (level 1, -1/11 HPs)
             Began as an Octopode Venom Mage on Jan 17, 2023.
             Slain by a quokka (3 damage)
             ... on level 1 of the Dungeon.
             The game lasted 00:00:13 (30 turns).

Ignak the Stinger (Octopode Venom Mage)               Turns: 30, Time: 00:00:13

Health: -1/11      AC:  1    Str:  7    XL:     1   Next: 30%
Magic:  3/3        EV: 13    Int: 17    God:
Gold:   0          SH:  0    Dex: 12    Spells: 3/4 levels left

rFire   . . .      SeeInvis .    (no weapon)
rCold   . . .      Faith    .    (no shield)
rNeg    . . .      Spirit   .    (helmet restricted)
rPois   .          Reflect  .    (no amulet)
rElec   .          Harm     .    (no ring)
rCorr   .          Rampage  .    (no ring)
Will    .....                    (no ring)
Stlth   +++                      (no ring)
HPRegen 0.21/turn                (no ring)
MPRegen 0.08/turn                (no ring)
                                 (no ring)
                                 (no ring)

@: no status effects
A: almost no armour, amphibious, 8 rings, camouflage 1, gelatinous body 1,
(nimble swimmer 1), tentacles
a: no special abilities


You were on level 1 of the Dungeon.
You visited 1 branch of the dungeon, and saw 1 of its levels.

Inventory:

Potions
 a - a potion of magic


   Skills:
 + Level 0.0 Fighting
 + Level 2.0 Dodging
 + Level 2.7 Stealth
 + Level 0.1 Unarmed Combat
 + Level 2.0 Spellcasting
 - Level 1.0 Transmutations
 * Level 3.6 Poison Magic


You had 3 spell levels left.
You knew the following spells:

 Your Spells              Type           Power      Damage    Failure   Level
a - Sting                 Tmut/Pois      36%        1d4       8%          1

Your spell library contained the following spells:

 Spells                   Type           Power      Damage    Failure   Level
 Poisonous Vapours        Pois/Air       14%        N/A       14%         2
 Mephitic Cloud           Conj/Pois/Air  5%         N/A       34%         3
 Olgreb's Toxic Radiance  Pois           14%        N/A       38%         4


Dungeon Overview and Level Annotations

Branches:
Dungeon (1/15)

Altars:


Innate Abilities, Weirdness & Mutations

You cannot wear most types of armour.
You are amphibious.
You can wear up to eight rings at the same time.
Your skin changes colour to match your surroundings (Stealth+).
Your rubbery body absorbs attacks. (AC +1, EV +1)
((You are camouflaged when in or above water. (Stealth+)))
You have tentacles for arms and can constrict up to eight enemies at once.


Message History

The helpless rat fails to defend itself.
You tentacle-slap the rat but do no damage.
You grab the rat. You constrict the rat. The rat bites you.
You barely miss the rat. You squeeze the rat.
You kill the rat!
The goblin shouts!
A quokka comes into view.
The goblin barely misses you.
You tentacle-slap the goblin but do no damage.
Your grab misses the goblin. The goblin barely misses you.
You tentacle-slap the goblin. Your grab misses the goblin.
The goblin is moderately wounded.
The goblin barely misses you.
You miss the goblin. Your grab misses the goblin.
The goblin is moderately wounded.
The goblin misses you.
You closely miss the goblin. Your grab misses the goblin.
The goblin is moderately wounded.
The goblin closely misses you.
You closely miss the goblin. Your grab misses the goblin.
The goblin is moderately wounded.
The goblin closely misses you.
You barely miss the goblin. You grab the goblin. You squeeze the goblin.
The goblin is severely wounded.
You constrict the goblin.
You kill the goblin!
The quokka barely misses you.
You tentacle-slap the quokka but do no damage.
Your grab misses the quokka. The quokka bites you.
You completely miss the quokka. Your grab misses the quokka.
Your squeeze misses the quokka. The quokka bites you.
You tentacle-slap the quokka. Your grab misses the quokka.
The quokka is moderately wounded.
The quokka bites you.
* * * LOW HITPOINT WARNING * * *
You tentacle-slap the quokka but do no damage.
Your grab misses the quokka.
The quokka is moderately wounded.
The quokka bites you.
You die...

#...#..# .. #.<.#..+ #..
#..('..# #.## .##
#...#### #..+
....##'######+##.#
##...##..##....# ###
#..............###....
.......##..##...........
....#########+##@r..#..
###. #)...# # #....#
#....# #..(.# #....#
#..... ##..###


You could see a quokka.

Vanquished Creatures
  A goblin (D:1)
  A rat (D:1)
2 creatures vanquished.

Notes
Turn   | Place    | Note
-------+----------+-------------------------------------------
     0 | D:1      | Ignak the Octopode Venom Mage began the quest for the Orb.
     0 | D:1      | Reached XP level 1. HP: 11/11 MP: 3/3
    30 | D:1      | Slain by a quokka

Illustrated notes

Levels and vault maps discovered:
D:1:      dpeg_arrival_houses_and_road, layout_basic,
          dreamdust_ecumenical_altar_drowned_temple, dreamdust_wishing_well

Action                   || total
-------------------------++-------
Melee: Unarmed           ||    12
       Constrict         ||     2
       Tentacles         ||     2
 Stab: Sleeping          ||     1
Dodge: Dodged            ||     7

Table legend: (Time is in decaauts)
 A = Elapsed time spent in this place.
 B = Non-inter-level travel time spent in this place.
 C = Inter-level travel time spent in this place.
 D = Time resting spent in this place.
 E = Time spent auto-exploring this place.
 F = Levels seen in this place.
 G = Mean time per level.
                   A        B        C        D        E       F      G
               +--------+--------+--------+--------+--------+-----+--------+
         Total |     30 |     30 |      0 |      0 |     11 |   1 |   30.0 |
       Dungeon |     30 |     30 |      0 |      0 |     11 |   1 |   30.0 |
               +--------+--------+--------+--------+--------+-----+--------+

Top non-repeatable levels by time:
     D:1: 30 daAuts
